 Dungeon Crawl Stone Soup version 0.30-a0-159-g068b764562 (webtiles) character file.

Game seed: 13621046558809696962

38 night the Chiller (level 3, -2/31 HPs)
             Began as a Troll Ice Elementalist on Sept 27, 2022.
             Slain by a gnoll
             ... wielding a +0 club
              (6 damage)
             ... on level 2 of the Dungeon.
             The game lasted 00:01:59 (712 turns).

night the Chiller (Troll Ice Elementalist)           Turns: 712, Time: 00:02:00

Health: -2/31      AC:  9    Str: 16    XL:     3   Next: 25%
Magic:  1/3        EV:  9    Int: 13    God:
Gold:   11         SH:  0    Dex: 10    Spells: 0/4 levels left

rFire   . . .      SeeInvis .      - Unarmed
rCold   . . .      Faith    .    (no shield)
rNeg    . . .      Spirit   .    a - +0 robe
rPois   .          Reflect  .    (helmet restricted)
rElec   .          Harm     .    (no cloak)
rCorr   .          Rampage  .    (gloves unavailable)
Will    .....                    (boots unavailable)
Stlth   +.........               f - amulet of magic regeneration
HPRegen 0.90/turn                d - ring of wizardry
MPRegen 0.48/turn                (no ring)

@: ice-armoured
A: large, unfitting armour, claws 3, regeneration 1, shaggy fur 1, tough skin 1
a: no special abilities


You were on level 2 of the Dungeon.
You visited 1 branch of the dungeon, and saw 2 of its levels.

You collected 11 gold pieces.

Inventory:

Missiles
 g - 10 stones
Armour
 a - a +0 robe (worn)
Jewellery
 d - a ring of wizardry (left claw)
 f - an amulet of magic regeneration (around neck)
Scrolls
 e - a scroll of poison {unknown}
 i - a scroll of magic mapping {unknown}
 j - a scroll of identify
Potions
 b - a potion of magic
 c - a potion of cancellation {unknown}
 h - a potion of might {unknown}


   Skills:
 - Level 1.5 Dodging
 - Level 1.0 Stealth
 + Level 1.9 Unarmed Combat
 + Level 1.2 Spellcasting
 + Level 3.4 Ice Magic


You couldn't memorise any spells.
You knew the following spells:

 Your Spells              Type           Power      Damage    Failure   Level
a - Freeze                Ice            36%        1d6       2%          1
c - Ozocubu's Armour      Ice            9%         N/A       9%          3

Your spell library contained the following spells:

 Spells                   Type           Power      Damage    Failure   Level
 Frozen Ramparts          Ice            18%        1d3       9%          3
 Summon Ice Beast         Ice/Summ       5%         N/A       45%         4


Dungeon Overview and Level Annotations

Branches:
Dungeon (2/15)

Altars:


Innate Abilities, Weirdness & Mutations

You are too large for most types of armour.
You have claws for hands.
Your natural rate of healing is unusually fast.
You are covered in fur. (AC +1)
You have tough skin. (AC +1)


Message History

A gnoll comes into view. It is wielding a +0 club.
The gnoll shouts!
You completely miss the rat. The rat bites you.
You completely miss the rat. The rat completely misses you.
A gnoll comes into view. It is wielding a +0 whip.
You claw the rat!
You kill the rat!
The gnoll closely misses you.
You closely miss the gnoll. The gnoll hits you with a +0 club.
The gnoll closely misses you.
You claw the gnoll!
The gnoll is heavily wounded.
The gnoll closely misses you. The gnoll barely misses you.
You closely miss the gnoll.
The gnoll is heavily wounded.
The gnoll hits you with a +0 club. The gnoll closely misses you.
You barely miss the gnoll.
The gnoll is heavily wounded.
The gnoll hits you with a +0 club. The gnoll barely misses you.
The gnoll attacks as you move away! The gnoll hits you with a +0 whip.
The gnoll barely misses you. x2
The gnoll closely misses you. The gnoll hits you with a +0 whip.
The gnoll attacks as you move away! The gnoll hits you with a +0 club.
The gnoll hits you with a +0 whip. The gnoll attacks as you move away!
The gnoll hits you with a +0 club.
* * * LOW HITPOINT WARNING * * *
The gnoll hits you with a +0 club.
* * * LOW HITPOINT WARNING * * *
The gnoll attacks as you move away! The gnoll closely misses you.
The gnoll attacks as you move away! The gnoll closely misses you.
A kobold comes into view. It is wielding a +0 short sword.
Casting: Freeze (safe; 2% risk of failure)
Confirm with . or Enter, or press ? or * to list all spells.
A film of ice covers your body! The gnoll hits you with a +0 club.
* * * LOW HITPOINT WARNING * * *
Unknown command.
You closely miss the gnoll.
The gnoll is heavily wounded.
The gnoll hits you with a +0 club.
You die...

................#.....#
..................#...###
...........###..#........
...........# ##...#.....#
...........# ###........
..........#######......#.
........gg##...##........
#########g##.........##..
#####@#..............
#.K.....†...##.######
###................
........#....##.####
..###..<##...##.# .
#...........#
.....>....>.....#
.................
#.##....####.#...


You could see 3 gnolls and a kobold.

Vanquished Creatures
  3 ball pythons (D:1)
  3 bats
  6 endoplasms
  3 giant cockroaches (D:1)
  3 hobgoblins (D:1)
  8 jackals (D:1)
  3 goblins (D:1)
  2 rats
31 creatures vanquished.

Notes
Turn   | Place    | Note
-------+----------+-------------------------------------------
     0 | D:1      | night the Troll Ice Elementalist began the quest for the
                  | Orb.
     0 | D:1      | Reached XP level 1. HP: 16/16 MP: 1/1
    41 | D:1      | Reached skill level 3 in Ice Magic
    58 | D:1      | Reached skill level 1 in Unarmed Combat
    68 | D:1      | Reached XP level 2. HP: 24/24 MP: 2/2
   465 | D:1      | Reached XP level 3. HP: 31/31 MP: 3/3
   484 | D:1      | Learned a level 3 spell: Ozocubu's Armour
   709 | D:2      | HP: 4/31 [gnoll/+0 club (5)]
   712 | D:2      | Slain by a gnoll

Illustrated notes

Levels and vault maps discovered:
D:1:      giann_forest_graveyard, layout_basic, serial_forest,
          infiniplex_forest_clump_double, infiniplex_forest_clump_tiny,
          infiniplex_forest_lined_2, infiniplex_forest_lined_ring,
          infiniplex_forest_zigzag_1, infiniplex_forest_straight_2,
          infiniplex_forest_lined_corner, minmay_small_reverse_x
D:2:      layout_rooms, minmay_misc_feat_pillars

Skill      XL: |  1 |
---------------+----+-----
Ice Magic      | 3 |  3.4
Unarmed Combat | 1 |  1.9
Dodging        | |  1.5
Stealth        | |  1.0
Spellcasting   | |  1.2

Action                   || total
-------------------------++-------
Melee: Unarmed           ||   110
       Punch             ||     1
 Cast: Freeze            ||     2
       Ozocubu's Armour  ||     1
  Use: Scroll            ||     1
Armor: Robe              ||    68
Dodge: Dodged            ||    97

Table legend: (Time is in decaauts)
 A = Elapsed time spent in this place.
 B = Non-inter-level travel time spent in this place.
 C = Inter-level travel time spent in this place.
 D = Time resting spent in this place.
 E = Time spent auto-exploring this place.
 F = Levels seen in this place.
 G = Mean time per level.
                   A        B        C        D        E       F      G
               +--------+--------+--------+--------+--------+-----+--------+
         Total |    709 |    688 |     21 |      0 |    473 |   2 |  354.5 |
       Dungeon |    709 |    688 |     21 |      0 |    473 |   2 |  354.5 |
               +--------+--------+--------+--------+--------+-----+--------+

Top non-repeatable levels by time:
     D:1: 661 daAuts
     D:2: 47 daAuts
